 Dungeon Crawl Stone Soup version 0.23-a0-270-gab6feb3 (console) character file.

16 bli the Skirmisher (level 2, -3/27 HPs)
             Began as a Demigod Wanderer on Oct 1, 2018.
             Slain by Natasha (6 damage)
             ... on level 2 of the Dungeon.
             The game lasted 00:06:17 (838 turns).

bli the Skirmisher (Demigod Wanderer)                Turns: 838, Time: 00:06:18

Health: -3/27      AC:  2    Str: 17    XL:     2   Next: 27%
Magic:  4/5        EV: 11    Int: 14    God:
Gold:   25         SH:  0    Dex: 15    Spells: 2/3 levels left

rFire    . . .     SeeInvis .   e - +0 hand axe
rCold    . . .     Gourm    .   (no shield)
rNeg     . . .     Faith    .   c - +0 robe
rPois    .         Spirit   .   (no helmet)
rElec    .         Reflect  .   (no cloak)
rCorr    .         Harm     .   (no gloves)
MR       .....                  (no boots)
Stlth    ++........             (no amulet)
HPRegen  0.09/turn              (no ring)
MPRegen  0.09/turn              (no ring)

@: no status effects
A: high mp 1
a: no special abilities


You were on level 2 of the Dungeon.
You were not hungry.

You visited 1 branch of the dungeon, and saw 3 of its levels.

You collected 25 gold pieces.

Inventory:

Hand Weapons
 d - a +0 club
 e - a +0 hand axe (weapon)
Armour
 c - a +0 robe (worn)
Scrolls
 a - 3 scrolls of teleportation {unknown}
 i - a scroll of identify {unknown}
 j - a scroll of remove curse {unknown}
Potions
 b - 6 potions of curing
 h - a potion of agility {unknown}
Comestibles
 f - 2 rations


   Skills:
 + Level 4.0 Fighting
   Level 1.0 Long Blades
 + Level 1.2 Stealth
   Level 1.0 Shields
 + Level 1.0 Spellcasting
 + Level 2.0 Summonings


You had 2 spell levels left.
You knew the following spells:

 Your Spells              Type           Power        Failure   Level  Hunger
a - Summon Small Mammal   Summ           #...         12%         1    ##.....

Your spell library contained the following spells:

 Spells                   Type           Power        Failure   Level  Hunger
 Call Imp                 Summ           #.......     17%         2    ###....
 Call Canine Familiar     Summ           #.......     34%         3    ####...
 Summon Guardian Golem    Hex/Summ       #.......     45%         3    ####...
 Summon Ice Beast         Ice/Summ       #.......     86%         4    #####..
 Summon Lightning Spire   Summ/Air       #.......     86%         4    #####..


Dungeon Overview and Level Annotations

Branches:
Dungeon (3/15)

Annotations:
D:2 Natasha


Innate Abilities, Weirdness & Mutations

You have an increased reservoir of magic. (+10% MP)


Message History

Natasha stares at you and mumbles some strange words.
The magic dart hits you!
* * * LOW HITPOINT WARNING * * *
Your rat misses Natasha. You closely miss Natasha.
Natasha is lightly wounded.
Natasha claws you.
* * * LOW HITPOINT WARNING * * *
Your rat barely misses Natasha.
Natasha stares at you and mumbles some strange words.
You resist with significant effort.
You miss Natasha.
Natasha is lightly wounded.
Your rat bites Natasha.
Natasha mewls in sadness.
Natasha claws you but does no damage.
Your rat barely misses Natasha.
You closely miss Natasha.
Natasha is moderately wounded.
Natasha claws you.
You die...

########
.......#.#
.......#.#
.......#.#
....(..#.#
.......#.# ###
.....ยง.#.# #.#
....#5##.#######)#
.....5..5......h@#
##.##.##.#######r#
.h. #.##.# #.# ...
#.##.#######.# .#.
#.##.........# ...
..##########<# ..
... ........# #.
... .##.###.# ....
..# #.# #.#


You could see Natasha and a friendly rat.

Vanquished Creatures
  2 dart slugs (D:1)
  2 giant cockroaches
  A hobgoblin (D:1)
  2 jackals
  2 bats (D:1)
  A frilled lizard (D:1)
  3 kobolds
13 creatures vanquished.

Notes
Turn   | Place    | Note
-------+----------+-------------------------------------------
     0 | D:1      | bli the Demigod Wanderer began the quest for the Orb.
     0 | D:1      | bli set off with: 2 potions of curing, a +0 robe, a +0
                  | club, a ration
     0 | D:1      | Reached XP level 1. HP: 19/19 MP: 4/4
     5 | D:1      | Learned a level 1 spell: Summon Small Mammal
   403 | D:1      | Reached XP level 2. HP: 27/27 MP: 5/5
   449 | D:1      | Reached skill level 4 in Fighting
   545 | D:2      | Noticed Natasha
   838 | D:2      | Slain by Natasha

Vault maps used:
D:1:      eino_arrival_cavern_b
D:2:      interstate_on_off, uniq_natasha

Skill      XL: |  1  2 |
---------------+-------+-----
Fighting       | 4 |  4.0
Summonings     | 2 |  2.0
Long Blades    | |  1.0
Stealth        | |  1.2
Shields        | |  1.0
Spellcasting   | |  1.0

Action                   || total
-------------------------++-------
Melee: Hand axe          ||    34
       Club              ||     4
 Cast: Summon Small Mamm ||    11
 Stab: Sleeping          ||     2
Armor: Robe              ||    10
Dodge: Dodged            ||    35

Table legend:
 A = Non-vault XP
 B = Vault XP
 C = Vault XP percentage of total XP
 D = Non-vault monster count
 E = Vault monster count
 F = Vault count percentage of total count
                 A         B        C        D         E       F
            +---------+---------+-------+---------+---------+-------
      Total |      24 |       0 |   0.0 |      13 |       0 |   0.0
            +---------+---------+-------+---------+---------+-------
        D:1 |      17 |       0 |   0.0 |       9 |       0 |   0.0
        D:2 |       5 |       0 |   0.0 |       3 |       0 |   0.0
        D:3 |       2 |       0 |   0.0 |       1 |       0 |   0.0
            +---------+---------+-------+---------+---------+-------
